 Dungeon Crawl Stone Soup version 0.23.0-3-gf3c87f2 (webtiles) character file.

Game seed: 14711401761494894807

78 JeffiDaFish the Skirmisher (level 4, -1/29 HPs)
             Began as a Gargoyle Fighter on Feb 20, 2019.
             Slain by Terence
             ... wielding a +0 flail
              (2 damage)
             ... on level 2 of the Dungeon on Feb 23, 2019.
             The game lasted 00:03:26 (1264 turns).

JeffiDaFish the Skirmisher (Gargoyle Fighter)       Turns: 1264, Time: 00:03:27

Health: -1/29      AC: 11    Str: 23    XL:     4   Next: 36%
Magic:  4/4        EV:  7    Int:  9    God:
Gold:   99         SH:  9    Dex:  9    Spells: 3/3 levels left

rFire    . . .     SeeInvis +   a - +0 flail
rCold    . . .     Gourm    .   c - +0 shield
rNeg     + . .     Faith    .   b - +0 scale mail
rPois    ∞         Spirit   .   (no helmet)
rElec    +         Reflect  .   j - +0 cloak
rCorr    .         Harm     .   (no gloves)
MR       .....                  (no boots)
Stlth    ..........             (no amulet)
HPRegen  0.09/turn              h - +3 ring of strength
MPRegen  0.09/turn              l - ring of see invisible

@: no status effects
A: negative energy resistance 1, electricity resistance, unbreathing,
petrification resistance, rot immunity, AC +3
a: no special abilities


You were on level 2 of the Dungeon.
You were hungry.

You visited 1 branch of the dungeon, and saw 2 of its levels.

You collected 99 gold pieces.

Inventory:

Hand Weapons
 a - a +0 flail (weapon)
Armour
 b - a +0 scale mail (worn)
 c - a +0 shield (worn)
 j - a +0 cloak (worn)
Jewellery
 h - a +3 ring of strength (left hand)
 l - a ring of see invisible (right hand)
Scrolls
 e - 2 scrolls of identify
Potions
 d - a potion of might
 i - a potion of flight
 k - a potion of mutation {unknown}
Comestibles
 f - 3 rations
 g - 4 chunks of flesh


   Skills:
 + Level 4.0 Fighting
 + Level 2.7 Maces & Flails
 + Level 3.8 Armour
 + Level 0.6 Dodging
 + Level 3.9 Shields


You had 3 spell levels left.
You didn't know any spells.
Your spell library was empty.

Dungeon Overview and Level Annotations

Branches:
Dungeon (2/15)

Altars:
Ru
Wu Jian
Zin

Annotations:
D:2 Terence


Innate Abilities, Weirdness & Mutations

You are resistant to torment.
Your stone body is resilient. (AC +3)
You are immune to poison.
You resist negative energy. (rN+)
You are resistant to electric shocks. (rElec)
You can survive without breathing.
You are immune to petrification.
You are immune to rotting.


Message History

Terence completely misses you. You block Terence's attack.
Terence hits you with a +0 flail.
* * * LOW HITPOINT WARNING * * *
You block Terence's attack. Terence hits you but does no damage.
Terence hits you but does no damage. Terence hits you with a +0 flail.
* * * LOW HITPOINT WARNING * * *
Terence barely misses you. Terence hits you but does no damage.
You block Terence's attack. You block Terence's attack.
Terence hits you but does no damage. Terence closely misses you.
Terence hits you with a +0 flail.
* * * LOW HITPOINT WARNING * * *
Terence barely misses you. Terence hits you with a +0 flail.
You die...

#.##.#...#.#####.##.#
#........#.......##.#
#####+#.###########.#
#..................#
#......#############
#......# #......#
#......# #.....@#
#.....@.# #.......#
#.).....# ######...
#...# #.#.. #.#..#


You could see Terence.

Vanquished Creatures
  An adder (D:2)
  2 oozes
  A worm (D:2)
  2 dart slugs (D:1)
  2 leopard geckos (D:2)
  2 orcs (D:2)
  4 giant cockroaches
  5 goblins
  6 hobgoblins
  6 kobolds
  7 bats
  5 frilled lizards
  6 rats
49 creatures vanquished.

Notes
Turn   | Place    | Note
-------+----------+-------------------------------------------
     0 | D:1      | JeffiDaFish the Gargoyle Fighter began the quest for the
                  | Orb.
     0 | D:1      | Reached XP level 1. HP: 14/14 MP: 1/1
   126 | D:1      | Reached XP level 2. HP: 20/20 MP: 2/2
   286 | D:1      | Reached XP level 3. HP: 24/24 MP: 3/3
   815 | D:2      | Found an ornate altar of the Wu Jian Council.
   837 | D:2      | Reached skill level 4 in Fighting
   888 | D:2      | Reached XP level 4. HP: 25/29 MP: 4/4
   917 | D:2      | Found a sacrificial altar of Ru.
  1056 | D:2      | Found a glowing silver altar of Zin.
  1195 | D:2      | Noticed Terence
  1261 | D:2      | HP: 1/29 [Terence/+0 flail (3)]
  1264 | D:2      | Slain by Terence

Skill      XL: |  1  2  3 |
---------------+----------+-----
Fighting       | 4 |  4.0
Maces & Flails | |  2.7
Armour         | |  3.8
Dodging        | |  0.6
Shields        | |  3.9

Action                   |  1- 3 |  4- 6 || total
-------------------------+-------+-------++-------
Melee: Flail             |   119 |    40 ||   159
  Use: Potion            |     3 |       ||     3
       Scroll            |     4 |       ||     4
  Eat: Chunk             |       |     1 ||     1
Armor: Scale mail        |    87 |    36 ||   123
Dodge: Dodged            |    49 |    26 ||    75
Block: Shield            |    77 |    49 ||   126
